cohdb
Replays
Latest Replays
All Replays
Popular Replays
Top Player Replays
Match Explorer
How It Works
Community
CoH3 Stats
Reddit
Sign in to upload your games and track your stats! →
Sign in with Steam
Match 48505342
Unlisted
Match 48505342
Overview
Messages
Build Orders
End
Scout Squad
Scout Squad
Selects Advanced Infantry Battlegroup
Engineer Squad
Construct Weapon Support Center
M1919 Machine Gun Team
M1919 Machine Gun Team
Infantry Support Center
Selects Artillery Observers
M3 Armored Personnel Carrier
Construct Medical Station
M1919 Machine Gun Team
Selects Convert to Ranger Squad
Captain Retinue
Bazooka Squad
Advanced Logistics
Bazooka Squad
Improved M9 Bazooka Rockets
Engineer Squad
Construct Tank Depot
Selects Designate Assault Position
Selects Infantry Assault
Infantry Assault
M4A1 Sherman Medium Tank
M1919 Machine Gun Team
Artillery Observer Squad
M18 Hellcat Tank Destroyer
Infantry Assault
Theodosios
帝国大机霸贝克尔少校
0
0
Comments
sign in to comment!
No comments posted yet!